 Dungeon Crawl Stone Soup version 0.19-a0-503-g45a6586 (webtiles) character file.

4090 Kidiri the Thaumaturge (level 10, 0/54 HPs)
             Began as a Deep Elf Fire Elementalist on June 5, 2016.
             Was a Follower of Vehumet.
             Slain by an adder (1 damage)
             ... on level 9 of the Dungeon.
             The game lasted 00:26:21 (10024 turns).

Kidiri the Thaumaturge (DEFE)                      Turns: 10024, Time: 00:26:22

Health: 0/54       AC:  9    Str:  5    XL:     10   Next: 5%
Magic:  13/25      EV: 15    Int: 26    God:    Vehumet [*.....]
Gold:   45         SH:  0    Dex: 18    Spells: 8 memorised, 5 levels left

rFire  + . .     SeeInvis .     F - +8 mace of Exquisite Death {pain, *Confuse rN++}
rCold  + . .     Gourm    .     D - +2 robe {rC+ rF+}
rNeg   + + .     Faith    .     (no shield)
rPois  .         Spirit   .     L - +1 helmet
rElec  .         Dismiss  .     (no cloak)
rCorr  .         Reflect  .     (no gloves)
SustAt .         Harm     .     k - +2 pair of boots {Stlth+}
MR     +....                    q - amulet of rage
Stlth  +++.......               x - +2 ring of intelligence
                                p - +3 ring of dexterity

@: repel missiles, somewhat resistant to hostile enchantments, fairly stealthy
A: no striking features
a: Renounce Religion, Evoke Berserk Rage


You were on level 9 of the Dungeon.
You worshipped Vehumet.
Vehumet was aware of your devotion.
You were not hungry.

You visited 2 branches of the dungeon, and saw 10 of its levels.

You collected 465 gold pieces.
You spent 420 gold pieces at shops.

Inventory:

Hand Weapons
 i - a +1 dagger of venom
 u - a +1 short sword of venom
 F - the +8 mace of Exquisite Death (weapon) {pain, *Confuse rN++}
   (You found it on level 6 of the Dungeon)

   In the hands of one skilled in necromantic magic, it inflicts extra damage on
   living creatures.
   It greatly protects you from negative energy.
   It may confuse you when you take damage.
 H - a +2 dagger of speed
Armour
 g - a +0 leather armour
 k - a +2 pair of boots of stealth (worn)
 D - a +2 robe of resistance (worn)
 L - a +1 helmet (worn)
Jewellery
 d - an uncursed ring of resist corrosion
 p - a +3 ring of dexterity (left hand)
 q - an amulet of rage (around neck)
 x - a +2 ring of intelligence (right hand)
Wands
 l - a wand of lightning (8/15)
 B - a wand of iceblast (5/15)
 I - a wand of lightning (0/15)
Scrolls
 a - 2 scrolls of immolation
 h - 3 scrolls of recharging
 s - a scroll of fog
 v - 3 scrolls of remove curse
 y - 2 scrolls of enchant weapon {unknown}
 A - a scroll of teleportation
 C - a scroll of identify
 G - a scroll of vulnerability
 J - a scroll of amnesia {unknown}
Potions
 e - 2 potions of brilliance
 j - a potion of flight
 n - a potion of degeneration {unknown}
 o - a potion of haste {unknown}
 r - 2 potions of berserk rage
 w - a potion of agility
 z - a potion of lignification
Books
 b - a book of Flames

   Spells                             Type                      Level
   a - Flame Tongue                   Conjuration/Fire             1
   b - Throw Flame                    Conjuration/Fire             2
   c - Conjure Flame                  Conjuration/Fire             3
   d - Inner Flame                    Hexes/Fire                   3
   e - Sticky Flame                   Conjuration/Fire             4
   f - Fireball                       Conjuration/Fire             5
 E - a book of Air

   Spells                             Type                      Level
   a - Shock                          Conjuration/Air              1
   b - Swiftness                      Charms/Air                   2
   c - Repel Missiles                 Charms/Air                   2
   d - Static Discharge               Conjuration/Air              3
   e - Lightning Bolt                 Conjuration/Air              5
Miscellaneous
 t - a plain deck of war
Comestibles
 c - 4 bread rations
 f - 6 meat rations
 m - 3 chunks of flesh


   Skills:
 + Level 2.6 Fighting
 + Level 4.1 Short Blades
 + Level 3.1 Armour
 + Level 5.1 Dodging
 - Level 2.4 Stealth
 * Level 9.2 Spellcasting
 * Level 7.1 Conjurations
 * Level 7.7 Fire Magic
 * Level 2.3 Air Magic
 + Level 3.7 Evocations


You had 5 spell levels left.
You knew the following spells:

 Your Spells              Type           Power        Failure   Level  Hunger
a - Flame Tongue          Conj/Fire      #####        1%          1    None
b - Throw Flame           Conj/Fire      ######       1%          2    None
c - Conjure Flame         Conj/Fire      ######..     1%          3    None
d - Inner Flame           Hex/Fire       ####....     3%          3    None
e - Sticky Flame          Conj/Fire      ######..     2%          4    #......
f - Fireball              Conj/Fire      ######....   10%         5    ####...
g - Repel Missiles        Chrm/Air       ###...       6%          2    None
h - Swiftness             Chrm/Air       ###.....     6%          2    None


Dungeon Overview and Level Annotations

Branches:
Dungeon (9/15)             Temple (1/1) D:7
   Lair: D:8-11         Orc: D:9-12

Altars:
Ashenzari
Cheibriados
Dithmenos
Elyvilon
Fedhas
Gozag
Hepliaklqana
Kikubaaqudgha
Makhleb
Nemelex Xobeh
Okawaru
Pakellas
Qazlal
Ru
Sif Muna
Trog
Uskayaw
Vehumet
Xom
Yredelemnul
Zin
The Shining One

Shops:
D:5 }   D:6 :


Message History

You see here a royal jelly.
A worker ant comes into view.
Found a potion of curing.
You hear a distant blaring wail to the north.
The hippogriff bites you!
* * * LOW HITPOINT WARNING * * *
The hippogriff pecks you.
* * * LOW HITPOINT WARNING * * *
The hippogriff claws you but does no damage.
Casting: Sticky Flame
Confirm with . or Enter, or press ? or * to list all spells.
Aiming: Sticky Flame
Press: ? - help, Shift-Dir - straight line, f/p - hippogriff
Aim: a hippogriff (almost dead)
The sticky flame hits the hippogriff.
You kill the hippogriff!
Vehumet accepts your kill.
A gnoll comes into view. It is wielding a flail.
The adder bites you.
You die...

#...# #?..# .......
#...# ....... #..g#
.(..... #.z.#
g...... #%..#
....... ######...#
.......
.........z###.......
..a.......gS@.......
####################


You could see a wight, 2 gnolls and an adder.

Vanquished Creatures
  Erolcha (D:8)
  Joseph (D:8)
  A troll (D:9)
  2 yaks
  A hippogriff (D:9)
  A sky beast (D:5)
  An orc warrior (D:8)
  A phantom (D:4)
  2 black bears (D:8)
  4 ogres
  A big kobold (D:8)
  A giant frog (D:7)
  A wyvern zombie (D:8)
  A water moccasin zombie (D:7)
  A scorpion (D:4)
  4 wights (D:9)
  5 killer bees (D:7)
  A giant frog zombie (D:8)
  2 crimson imps (D:5)
  A giant frog skeleton (D:5)
  4 hounds
  3 orc wizards
  5 iguanas
  6 worker ants
  A hound skeleton (D:7)
  10 gnolls
  10 adders
  2 shadow imps
  2 oozes
  An adder skeleton (D:4)
  3 worms
  3 dart slugs (D:1)
  6 giant geckos
  18 orcs
  4 giant cockroaches
  10 goblins
  8 hobgoblins
  11 jackals
  15 kobolds
  5 quokkas
  A ball python (D:2)
  9 bats
  A giant gecko zombie (D:6)
  2 giant newts
  3 quokka zombies
  6 rats
182 creatures vanquished.

Vanquished Creatures (others)
  An orc (D:8)
1 creature vanquished.

Grand Total: 183 creatures vanquished

Notes
Turn   | Place    | Note
--------------------------------------------------------------
     0 | D:1      | Kidiri the Deep Elf Fire Elementalist began the quest for the Orb.
     0 | D:1      | Reached XP level 1. HP: 10/10 MP: 6/6
   254 | D:1      | Reached XP level 2. HP: 14/15 MP: 5/8
   455 | D:1      | Learned a level 2 spell: Throw Flame
   974 | D:1      | Reached XP level 3. HP: 19/19 MP: 7/10
   979 | D:1      | Learned a level 3 spell: Conjure Flame
   983 | D:1      | Learned a level 3 spell: Inner Flame
  1348 | D:1      | Reached skill level 4 in Spellcasting
  1630 | D:2      | Reached XP level 4. HP: 24/24 MP: 2/12
  2869 | D:3      | Reached XP level 5. HP: 28/28 MP: 12/14
  2877 | D:2      | Learned a level 4 spell: Sticky Flame
  3098 | D:3      | Reached skill level 5 in Spellcasting
  3284 | D:3      | Found a sparkling altar of Nemelex Xobeh.
  3326 | D:3      | Found a hide-covered altar of Uskayaw.
  4006 | D:4      | Noticed a phantom
  4016 | D:4      | Killed a phantom
  4016 | D:4      | Reached skill level 5 in Fire Magic
  4016 | D:4      | Reached XP level 6. HP: 32/32 MP: 8/16
  4679 | D:5      | Entered Level 5 of the Dungeon
  4796 | D:5      | Found a shimmering altar of Xom.
  4861 | D:5      | Reached skill level 1 in Armour
  4861 | D:5      | Reached XP level 7. HP: 36/36 MP: 10/17
  4902 | D:5      | Reached skill level 1 in Short Blades
  4982 | D:5      | Reached skill level 6 in Spellcasting
  5142 | D:5      | Learned a level 5 spell: Fireball
  5427 | D:5      | Found Eroinu Buena's Gadget Boutique.
  5592 | D:6      | Reached skill level 5 in Conjurations
  5592 | D:6      | Reached skill level 1 in Evocations
  5930 | D:6      | Reached skill level 1 in Fighting
  6469 | D:6      | Found Dabotooz's Book Emporium.
  6604 | D:6      | Got a crude mace
  6605 | D:6      | Identified the +8 mace of Exquisite Death {pain, *Confuse rN++} (You found it on level 6 of the Dungeon)
  6687 | D:7      | Reached XP level 8. HP: 39/43 MP: 7/20
  6806 | D:7      | Reached skill level 7 in Spellcasting
  7331 | D:7      | Found a shimmering altar of Xom.
  7341 | D:7      | Found a staircase to the Ecumenical Temple.
  7358 | Temple   | Entered the Ecumenical Temple
  7473 | Temple   | Became a worshipper of Vehumet
  7816 | D:8      | Found a hazy altar of Hepliaklqana.
  7817 | D:8      | Found a basalt altar of Yredelemnul.
  7818 | D:8      | Found a white marble altar of Elyvilon.
  7964 | D:8      | Noticed Erolcha
  7971 | D:8      | Killed Erolcha
  7971 | D:8      | Reached skill level 8 in Spellcasting
  7971 | D:8      | Reached XP level 9. HP: 33/48 MP: 9/23
  8233 | D:8      | Noticed Joseph
  8246 | D:8      | Killed Joseph
  8623 | D:6      | Bought a book of Air for 420 gold pieces
  8626 | D:6      | Learned a level 2 spell: Repel Missiles
  8629 | D:6      | Learned a level 2 spell: Swiftness
  9260 | D:8      | Reached skill level 1 in Air Magic
  9815 | D:9      | Reached skill level 9 in Spellcasting
  9816 | D:9      | Reached * piety under Vehumet
  9816 | D:9      | Offered knowledge of Magic Dart by Vehumet.
  9816 | D:9      | Reached skill level 5 in Dodging
  9996 | D:9      | Noticed a troll
 10007 | D:9      | Killed a troll
 10007 | D:9      | Reached XP level 10. HP: 18/54 MP: 17/25
 10021 | D:9      | HP: 1/54 [hippogriff (5)]
 10024 | D:9      | Slain by an adder

Vault maps used:
D:1:      dpeg_arrival_boxes_within_box
D:2:      minmay_misc_feat_square, serial_bayou_lake_a
D:3:      lemuel_doored_altar, nemelex_deck
D:5:      serial_shops, shop, first_bread, basic_altar
D:6:      serial_shops, shop
D:7:      minmay_temple_entry_butterflies, basic_altar, minmay_curled_crystal,
          kennysheep_generic_room_7
D:8:      grunt_temple_overflow_open, uniq_joseph, uniq_erolcha
D:9:      david_lair_shrubbed, david_orc_5
Temple:   grunt_circular_temple_18

Skill      XL: |  1  2  3  4  5  6  7  8  9 |
---------------+----------------------------+-----
Conjurations   | 2 3 4 5 6 7 |  7.1
Spellcasting   | 4 5 6 8 9 |  9.2
Fire Magic     | 4 5 7 |  7.7
Armour         | 1 2 3 |  3.1
Short Blades   | 1 3 4 |  4.1
Dodging        | 3 4 5 |  5.1
Evocations     | 1 2 3 |  3.7
Fighting       | 1 2 |  2.6
Air Magic      | 2 |  2.3
Stealth        | |  2.4

Action                   |  1- 3 |  4- 6 |  7- 9 | 10-12 || total
-------------------------+-------+-------+-------+-------++-------
Melee: Unarmed           |     1 |       |       |       ||     1
       Dagger            |     5 |    28 |    41 |       ||    74
       Mace              |       |       |    29 |       ||    29
 Cast: Flame Tongue      |    38 |   104 |   153 |       ||   295
       Throw Flame       |    21 |    28 |    56 |       ||   105
       Conjure Flame     |     1 |       |     8 |       ||     9
       Sticky Flame      |       |       |    12 |     3 ||    15
       Inner Flame       |       |       |     5 |       ||     5
       Repel Missiles    |       |       |     1 |       ||     1
Evoke: Wand              |       |       |     2 |       ||     2
  Use: Scroll            |       |    11 |     5 |       ||    16
       Potion            |       |       |     2 |       ||     2
 Stab: Sleeping          |       |     1 |     2 |       ||     3
  Eat: Chunk             |     2 |    11 |     4 |       ||    17
       Fruit             |       |       |     8 |       ||     8
       Pizza             |       |       |     1 |       ||     1
       Beef jerky        |       |       |     1 |       ||     1
       Royal jelly       |       |       |     1 |       ||     1
Armor: Robe              |     5 |    23 |    31 |     4 ||    63
Dodge: Dodged            |    12 |    49 |    89 |     1 ||   151
       Deflected         |       |       |     1 |       ||     1
